 Dungeon Crawl Stone Soup version 0.29-a0-982-gaed3a0c8d8 (webtiles) character file.

Game seed: 10089709056513102286

90 inmateoo the Chopper (level 4, -2/35 HPs)
             Began as a Demonspawn Gladiator on Aug 1, 2022.
             Slain by a gnoll
             ... wielding a +0 whip
              (4 damage)
             ... on level 2 of the Dungeon.
             The game lasted 00:01:39 (2608 turns).

inmateoo the Chopper (Demonspawn Gladiator)         Turns: 2608, Time: 00:01:40

Health: -2/35      AC:  5    Str: 16    XL:     4   Next: 32%
Magic:  4/4        EV: 12    Int:  9    God:
Gold:   90         SH:  0    Dex: 15    Spells: 3/3 levels left

rFire   . . .      SeeInvis .   a - +0 war axe
rCold   . . .      Faith    .   (no shield)
rNeg    . . .      Spirit   .   b - +0 leather armour
rPois   .          Reflect  .   c - +0 helmet
rElec   .          Harm     .   (no cloak)
rCorr   .          Rampage  .   (no gloves)
Will    .....                   (no boots)
Stlth   +.........              (no amulet)
HPRegen 0.11/turn               (no ring)
MPRegen 0.09/turn               (no ring)

@: no status effects
A: rugged brown scales 1
a: no special abilities


You were on level 2 of the Dungeon.
You visited 1 branch of the dungeon, and saw 3 of its levels.

You collected 123 gold pieces.
You spent 33 gold pieces at shops.

Inventory:

Hand Weapons
 a - a +0 war axe (weapon)
Missiles
 d - 3 throwing nets (quivered)
 e - a javelin
Armour
 b - a +0 leather armour (worn)
 c - a +0 helmet (worn)
Jewellery
 n - a +6 ring of dexterity
Scrolls
 h - a scroll of fear {unknown}
 i - a scroll of magic mapping {unknown}
 k - a scroll of brand weapon {unknown}
 m - a scroll of amnesia {unknown}
 q - a scroll of teleportation {unknown}
Potions
 j - a potion of lignification
 l - a potion of cancellation
 o - a potion of curing
 p - a potion of berserk rage {unknown}


   Skills:
 + Level 2.7 Fighting
 * Level 3.6 Axes
 - Level 1.7 Throwing
 + Level 1.3 Armour
 + Level 3.2 Dodging


You had 3 spell levels left.
You didn't know any spells.
Your spell library was empty.

Dungeon Overview and Level Annotations

Branches:
Dungeon (3/15)

Altars:
Makhleb

Shops:
D:1 !


Innate Abilities, Weirdness & Mutations

You are partially covered in rugged brown scales. (AC +1, +3% HP)


Message History

You closely miss the gnoll.
The gnoll is severely wounded.
You barely miss the gnoll. The gnoll hits you with a +0 whip.
The gnoll misses you.
You slash the gnoll!
You kill the gnoll!
You hit the gnoll. The gnoll hits you with a +0 whip.
The gnoll hits you but does no damage. The gnoll attacks as you move away!
The gnoll barely misses you. The gnoll attacks as you move away!
The gnoll barely misses you. The gnoll attacks as you move away!
The gnoll misses you. The gnoll attacks as you move away!
The gnoll hits you with a +0 whip. The gnoll attacks as you move away!
The gnoll hits you with a +0 whip.
There is a stone staircase leading up here.
The gnoll hits you but does no damage.
You climb upwards.
There is a stone staircase leading down here.
You are too injured to fight recklessly!
You completely miss the gnoll.
The gnoll is moderately wounded.
The gnoll hits you with a +0 whip.
You are too injured to fight recklessly!
You hit the gnoll.
The gnoll is moderately wounded.
The gnoll hits you with a +0 whip.
* * * LOW HITPOINT WARNING * * *
You are too injured to fight recklessly!
You closely miss the gnoll.
The gnoll is moderately wounded.
The gnoll hits you with a +0 whip.
* * * LOW HITPOINT WARNING * * *
The gnoll misses you.
You slash the gnoll!
The gnoll is almost dead.
The gnoll hits you with a +0 whip.
* * * LOW HITPOINT WARNING * * *
You closely miss the gnoll.
The gnoll is almost dead.
The gnoll barely misses you. The gnoll hits you with a +0 whip.
You die...

#.##..## ##.......#[......#
#.###..###.###.####...###.##
#.###.#.#.#..........##
##.###
#!.......##.......(..# #...#
#####.#####.......#..##
##.#.. #..#
#.........#.###..... ##.#
#.......###....###.. #####.#
#..g....###........# #.....#
#..@........#.######
#.##..################.#
#......##.......### #.#
#.......#.##......# #.# ###
##.._...#.##......# #.# #..
#...........##.#.####.####.#
#.....##.##.#..............#
########.##....#.###.##.##.#
#.......#.# #.#.#.#.#


You could see a gnoll.

Vanquished Creatures
  Jessica (D:2)
  A gnoll (D:3)
  An adder (D:2)
  A dart slug (D:1)
  3 bats (D:1)
  3 endoplasms
  2 giant cockroaches (D:1)
  5 goblins
  9 hobgoblins
  3 quokkas
  A ball python (D:1)
  3 frilled lizards
  2 kobolds
  5 rats
40 creatures vanquished.

Notes
Turn   | Place    | Note
-------+----------+-------------------------------------------
     0 | D:1      | inmateoo the Demonspawn Gladiator began the quest for the
                  | Orb.
     0 | D:1      | Reached XP level 1. HP: 16/16 MP: 1/1
   480 | D:1      | Gained mutation: You are partially covered in rugged brown
                  | scales. (AC +1, +3% HP) [demonic ancestry]
   480 | D:1      | Reached XP level 2. HP: 16/22 MP: 2/2
  1185 | D:1      | Found Raqennur's Distillery.
  1192 | D:1      | Reached XP level 3. HP: 21/28 MP: 3/3
  1195 | D:1      | Bought a potion of lignification for 33 gold pieces
  1502 | D:1      | Reached skill level 1 in Armour
  1705 | D:2      | Found a burning altar of Makhleb.
  1898 | D:2      | Found a faded altar of an unknown god.
  1917 | D:2      | Noticed Jessica
  1924 | D:2      | Killed Jessica
  2249 | D:2      | Reached XP level 4. HP: 34/35 MP: 4/4
  2608 | D:2      | Slain by a gnoll

Illustrated notes

Levels and vault maps discovered:
D:1:      amcnicky_arrival_gap_in_the_tavern_cellar, layout_basic, serial_shops,
          nicolae_shop_waterfront
D:2:      layout_loops_cross, chequers_ecumenical_altar_simple_redux,
          basic_altar, kennysheep_jessica_study
D:3:      layout_basic, nicolae_overflow_hidden_temple,
          chequers_serial_rivers_small_b, kennysheep_potato

Skill      XL: |  1  2  3 |
---------------+----------+-----
Axes           | 3 |  3.6
Dodging        | 3 |  3.2
Armour         | 1 |  1.3
Fighting       | |  2.7
Throwing       | |  1.7

Action                   |  1- 3 |  4- 6 || total
-------------------------+-------+-------++-------
Melee: War axe           |    90 |    12 ||   102
       Punch             |     1 |       ||     1
  Use: Scroll            |       |     3 ||     3
 Stab: Sleeping          |     1 |       ||     1
Armor: Leather armour    |    24 |     2 ||    26
Dodge: Dodged            |    54 |     8 ||    62

Table legend: (Time is in decaauts)
 A = Elapsed time spent in this place.
 B = Non-inter-level travel time spent in this place.
 C = Inter-level travel time spent in this place.
 D = Time resting spent in this place.
 E = Time spent auto-exploring this place.
 F = Levels seen in this place.
 G = Mean time per level.
                   A        B        C        D        E       F      G
               +--------+--------+--------+--------+--------+-----+--------+
         Total |   2648 |   2551 |     97 |    775 |   1463 |   3 |  882.7 |
       Dungeon |   2648 |   2551 |     97 |    775 |   1463 |   3 |  882.7 |
               +--------+--------+--------+--------+--------+-----+--------+

Top non-repeatable levels by time:
     D:1: 1689 daAuts
     D:2: 914 daAuts
     D:3: 44 daAuts
